Map: 세룰리안 폴 - 래더

Players

Elazer - Winner!

  • Race: Zerg Zerg
  • Spawn Location: 1:00

Creator

  • Race: Protoss Protoss
  • League: Master
  • Spawn Location: 7:00

Event: HomeStory Cup XVIII

VOD

Have the link to the VOD?

Description

Time

  • Played on: Nov. 22, 2018, 4:50 p.m.
  • Length: 12:19

All games in this series

Show
View Real Time Build Order
Export as new Build Order

Elazer Zerg - Winner!

Build Orders: Hatch First 

Get SALT Encoding   

  12  0:00  Drone  
  13  0:11  Overlord  
  13  0:17  Drone  
  14  0:30  Drone  
  15  0:44  Hatchery  
  15  0:49  Drone  
  15  0:52  Drone  
  15  0:55  Drone  
  17  1:00  Drone  
  18  1:10  Extractor  
  17  1:15  Spawning Pool  
  17  1:18  Drone  
  17  1:21  Drone  
  18  1:32  Drone  
  19  1:42  Drone  
  20  1:53  Overlord  
  20  2:01  Queen x2  
  20  2:02  Zergling x2  
  20  2:04  Zergling x2  
  26  2:11  Drone  
  26  2:15  Drone  
  28  2:17  Drone  
  29  2:24  Metabolic Boost  
  29  2:26  Drone  
  29  2:29  Drone  
  31  2:36  Drone  
  32  2:43  Hatchery  
  31  2:47  Queen  
  33  2:54  Overlord  
  33  2:55  Drone  
  34  2:58  Drone x2  
  36  3:10  Overlord  
  36  3:12  Drone x2  
  38  3:13  Drone x2  
  38  3:18  Drone x3  
  43  3:23  Overlord  
  43  3:31  Drone  
  44  3:34  Drone, Evolution Chamber  
  44  3:36  Queen  
  46  3:43  Drone x4  
  46  3:47  Drone  
  51  3:49  Spore Crawler  
  51  3:51  Drone, Spore Crawler  
  51  3:55  Overlord, Spore Crawler  
  49  3:57  Drone  
  49  3:59  Drone  
  49  4:01  Drone  
  52  4:08  Overlord, Zerg Melee Weapons Level 1  
  52  4:11  Drone x2  
  52  4:15  Queen  
  56  4:19  Drone x2  
  56  4:23  Overlord  
  58  4:25  Drone x2  
  58  4:26  Drone  
  61  4:38  Zergling x12  
  66  4:49  Overlord  
  66  4:51  Drone x2, Baneling Nest  
  66  4:52  Drone  
  68  4:53  Drone  
  68  4:54  Zergling x4  
  68  4:58  Overlord  
  70  5:01  Overlord  
  70  5:02  Drone x3  
  71  5:07  Overlord  
  71  5:12  Drone x2  
  73  5:14  Lair  
  73  5:15  Drone x2  
  73  5:16  Extractor  
  73  5:17  Extractor, Drone x2  
  73  5:18  Drone  
  76  5:23  Overlord  
  76  5:24  Queen  
  78  5:33  Extractor, Spine Crawler, Zergling x8  
  81  5:44  Spore Crawler  
  81  5:47  Drone x9  
  81  5:49  Queen  
  90  5:54  Overlord  
  90  5:56  Spore Crawler  
  89  5:57  Overlord x2  
  89  5:58  Drone x4  
  89  6:02  Extractor  
  89  6:04  Drone x2  
  93  6:06  Drone x2  
  93  6:07  Drone x2  
  98  6:12  Zerg Melee Weapons Level 2  
  98  6:14  Extractor  
  98  6:16  Hydralisk Den  
  98  6:17  Queen  
  98  6:19  Overlord  
  98  6:20  Drone  
  98  6:21  Extractor  
  98  6:26  Spore Crawler  
  98  6:30  Overlord  
  95  6:33  Drone x5  
  95  6:37  Overlord  
  95  6:38  Drone  
  98  6:41  Hatchery  
  98  6:43  Overlord  
  98  6:45  Centrifical Hooks  
  97  6:49  Grooved Spines  
  97  6:50  Hydralisk  
  99  6:56  Hydralisk  
  99  6:57  Hydralisk x2  
  105  7:02  Hydralisk  
  105  7:03  Hydralisk x2  
  110  7:15  Drone  
  110  7:16  Drone x6  
  110  7:22  Drone  
  115  7:23  Drone  
  115  7:26  Baneling x2  
  115  7:27  Drone x4  
  120  7:34  Drone x3  
  120  7:35  Overlord  
  119  7:37  Drone x2  
  119  7:44  Hydralisk  
  118  7:46  Hydralisk  
  118  7:49  Hydralisk  
  124  7:55  Hydralisk x3  
  129  7:59  Hydralisk  
  129  8:00  Muscular Augments  
  131  8:06  Hydralisk x3  
  131  8:10  Hatchery  
  131  8:12  Hydralisk x6  
  138  8:19  Baneling  
  147  8:23  Baneling  
  147  8:24  Overlord  
  147  8:25  Hydralisk  
  147  8:26  Hydralisk x2  
  153  8:28  Hydralisk, Zergling x2  
  153  8:29  Zergling x8  
  160  8:36  Overlord  
  160  8:37  Zerg Missile Weapons Level 1  
  160  8:38  Zergling x10  
  162  8:43  Zergling x10  
  162  8:46  Overlord  
  167  8:48  Overlord  
  167  8:55  Zergling x12  
  173  9:01  Zergling x6  
  175  9:06  Overseer  
  175  9:09  Zergling x14  
  182  9:13  Overlord  
  182  9:15  Zergling x8  
  185  9:17  Baneling x9  
  185  9:19  Baneling  
  185  9:20  Baneling x15  
  185  9:25  Overlord, Zergling x2  
  185  9:26  Zergling x6  
  189  9:31  Baneling  
  189  9:32  Baneling x11  
  189  9:37  Zergling x2  
  189  9:38  Zergling x12  
  195  9:39  Baneling  
  195  9:40  Baneling x3  
  192  9:46  Baneling x5  
  187  9:55  Zergling x28  
  192  10:00  Baneling x7  
  192  10:03  Zergling x8  
  192  10:04  Zergling x2  
  183  10:12  Zergling x18  
  144  10:23  Hydralisk x6  
  144  10:27  Zergling x8  
  148  10:30  Baneling x6  
  148  10:32  Zergling x4  
  148  10:41  Zergling x8  
  152  10:47  Hydralisk x3  
  153  11:00  Hydralisk x7  
  153  11:03  Zergling x4  
  147  11:12  Hydralisk x4  
  147  11:17  Zergling x2  
  147  11:18  Zergling x12  
  151  11:25  Zergling x2  
  151  11:26  Zergling x12  
  155  11:34  Hydralisk  
  155  11:35  Hydralisk x4  
  155  11:39  Baneling  
  158  11:40  Baneling x3  
  158  11:41  Zergling x2  
  158  11:46  Baneling x7  
  157  11:47  Zergling x10  
  157  11:49  Baneling  
  157  11:50  Baneling  
  157  11:53  Zergling x6  
  163  11:57  Baneling x5  
  155  12:05  Overseer  
Show
View Real Time Build Order
Export as new Build Order

Creator Protoss 

Build Orders: 1 Gate Expand, Oracle Opening, Phoenix Opening, Archon Immortal, Mass Phoenix 

Get SALT Encoding   

  12  0:00  Probe  
  13  0:12  Probe  
  14  0:19  Pylon  
  14  0:25  Probe  
  15  0:34  Probe  
  15  0:42  Probe  
  16  0:43  Gateway  
  17  0:50  Assimilator  
  17  0:52  Probe  
  18  1:04  Probe  
  19  1:16  Probe  
  20  1:23  Nexus  
  20  1:33  Cybernetics Core  
  20  1:36  Probe  
  21  1:41  Assimilator  
  21  1:48  Probe  
  21  1:51  Pylon  
  22  2:00  Adept, Probe  
  23  2:12  Probe  
  23  2:15  Stargate  
  26  2:24  Probe  
  26  2:25  Warp Gate  
  26  2:28  Adept  
  29  2:31  Probe  
  29  2:32  Probe  
  31  2:39  Probe  
  31  2:40  Probe  
  32  2:49  Probe  
  32  2:50  Probe  
  33  2:53  Phoenix  
  35  3:01  Probe  
  35  3:03  Probe  
  39  3:09  Adept  
  39  3:10  Pylon  
  41  3:13  Probe  
  41  3:15  Probe  
  41  3:18  Oracle  
  46  3:28  Probe x2  
  46  3:29  Assimilator  
  46  3:32  Assimilator  
  48  3:36  Gateway  
  48  3:40  Probe  
  48  3:42  Probe  
  48  3:48  Pylon, Probe  
  50  3:54  Probe  
  52  3:56  Probe  
  52  3:58  Stargate  
  53  4:06  Phoenix, Probe  
  53  4:09  Probe  
  57  4:13  Gateway  
  57  4:17  Pylon  
  57  4:18  Probe  
  57  4:21  Probe  
  59  4:28  Phoenix  
  59  4:30  Probe  
  60  4:33  Pylon, Phoenix  
  60  4:36  Zealot  
  66  4:45  Pylon  
  66  4:46  Phoenix  
  66  4:57  Phoenix  
  70  5:05  Phoenix, Zealot x2  
  74  5:09  Shield Battery  
  76  5:22  Phoenix  
  76  5:25  Nexus  
  76  5:26  Phoenix  
  76  5:27  Probe  
  76  5:28  Probe  
  80  5:35  Robotics Facility  
  82  5:40  Robotics Facility  
  82  5:44  Pylon  
  82  5:54  Pylon  
  84  5:59  Sentry  
  84  6:02  Sentry  
  86  6:09  Probe x2  
  88  6:14  Sentry  
  88  6:15  Pylon  
  88  6:17  Probe x2  
  90  6:19  Twilight Council  
  90  6:21  Forge  
  90  6:22  Immortal  
  96  6:31  Immortal  
  100  6:34  Probe  
  100  6:36  Probe  
  100  6:38  Probe  
  101  6:42  Probe  
  101  6:45  Probe  
  102  6:50  Probe  
  102  6:52  Probe  
  104  6:55  Probe  
  104  6:57  Charge, Protoss Ground Weapons Level 1  
  104  6:59  Gateway  
  106  7:02  Probe, Immortal  
  106  7:03  Gateway  
  106  7:05  Probe  
  106  7:07  Probe  
  113  7:14  Immortal  
  117  7:21  Templar Archives  
  117  7:22  Assimilator, Probe x2  
  119  7:23  Probe  
  119  7:24  Assimilator  
  119  7:27  Pylon  
  119  7:29  Photon Cannon  
  120  7:41  Immortal  
  120  7:42  Psionic Storm  
  120  7:43  Pylon  
  124  7:48  Probe x3  
  127  7:53  Immortal  
  127  7:54  Gateway  
  127  7:55  Gateway  
  130  8:03  Photon Cannon  
  130  8:06  High Templar  
  130  8:09  Gateway  
  130  8:10  Gateway  
  130  8:12  High Templar, Immortal  
  134  8:20  Zealot  
  138  8:27  Shield Battery, High Templar  
  140  8:40  Pylon x2  
  140  8:41  Dark Shrine  
  140  8:44  Observer  
  140  8:46  Pylon  
  140  8:53  Warp Prism  
  143  9:04  High Templar x2  
  143  9:06  Zealot x5  
  143  9:07  Nexus  
  143  9:08  Pylon  
  143  9:09  Archon  
  151  9:17  Immortal  
  151  9:18  Probe x3  
  151  9:20  High Templar x2  
  151  9:23  Photon Cannon  
  162  9:32  Zealot x2  
  162  9:34  Shield Battery  
  162  9:36  Photon Cannon  
  162  9:37  Shield Battery  
  166  9:42  Zealot x2, Archon  
  166  9:43  Zealot  
  171  9:46  Pylon  
  171  9:49  High Templar  
  171  9:54  Archon  
  171  9:55  Dark Templar  
  164  10:01  Zealot x2  
  133  10:08  Zealot  
  133  10:10  Zealot x4  
  116  10:21  Immortal  
  102  10:24  Zealot x3  
  102  10:27  Probe x2  
  106  10:37  High Templar x2, Probe  
  106  10:38  High Templar  
  106  10:39  Probe  
  106  10:40  Probe x2  
  116  10:45  Dark Templar  
  116  10:47  Sentry  
  120  10:51  Zealot, Sentry  
  111  11:05  Zealot x2  
  111  11:10  Dark Templar x2  
  107  11:14  Zealot x2  
  97  11:33  Dark Templar x2  
  97  11:34  Zealot  
  97  11:35  Zealot x2  
  97  11:36  Zealot  
  106  11:40  Zealot  
  106  11:42  Zealot  
  110  12:00  Zealot  
  110  12:01  Zealot x2  
  104  12:06  Dark Templar, Zealot  
Tags
 
Add a new tag
Caveats
  • Supply blocks, unpowered buildings, or Contaminate may cause inaccurate times.
  • Supply counts are checked every 10 seconds.